 Dungeon Sprint DCSS version 0.28-a0-872-g80cf8599ee (webtiles) character file.

Game seed: 819677987958635886

1853 mhtbhm the Protected (level 8, -3/85 HPs)
             Began as a Minotaur Fighter on Nov 20, 2021.
             Was an Initiate of Gozag.
             Slain by a death knight (5 damage)
             ... in the Dungeon (Sprint IX: "|||||||||||||||||||||||||||||").
             The game lasted 00:01:55 (630 turns).

mhtbhm the Protected (Minotaur Fighter)              Turns: 630, Time: 00:01:57

Health: -3/85      AC: 18    Str: 22    XL:     8   Next: 89%
Magic:  7/7        EV: 10    Int:  5    God:    Gozag
Gold:   414        SH:  7    Dex: 14    Spells: 7/7 levels left

rFire   . . .      SeeInvis .   a - +0 flail
rCold   . . .      Faith    .   c - +0 buckler
rNeg    . . .      Spirit   .   b - +0 plate armour
rPois   .          Reflect  .   (helmet restricted)
rElec   .          Harm     .   (no cloak)
rCorr   .          Rampage  .   o - +0 pair of gloves
Will    .....      NoTele   +   p - +0 pair of boots
Stlth   ..........              (no amulet)
HPRegen 0.24/turn               m - +2 ring of evasion
MPRegen 0.10/turn               n - +3 ring of dexterity

@: gold aura, invisible
A: horns 2, retaliatory headbutt
a: Renounce Religion, Potion Petition, Call Merchant, Bribe Branch


You were in the Dungeon.
You worshipped Gozag.
Gozag was aware of your devotion.
You visited 1 branch You collected 414 gold pieces.

Inventory:

Hand Weapons
 a - a +0 flail (weapon)
Armour
 b - a +0 plate armour (worn)
 c - a +0 buckler (worn)
 o - a +0 pair of gloves (worn)
 p - a +0 pair of boots (worn)
Jewellery
 m - a +2 ring of evasion (left hand)
 n - a +3 ring of dexterity (right hand)
Wands
 l - a wand of acid (4)
Scrolls
 j - a scroll of blinking
 k - 2 scrolls of amnesia
Potions
 d - a potion of might
 e - 2 potions of curing
 g - a potion of haste
 h - 4 potions of magic


   Skills:
 + Level 12.5 Fighting
 + Level 12.3 Maces & Flails
 + Level 12.8 Armour
 + Level 1.6 Dodging
 + Level 11.2 Shields
 + Level 2.2 Evocations


You had 7 spell levels left.
You didn't know any spells.
Your spell library was empty.

Dungeon Overview and Level Annotations

Branches:
Dungeon (1/1)

Altars:
Cheibriados
Dithmenos
Elyvilon
Fedhas
Gozag
Hepliaklqana
Kikubaaqudgha
Makhleb
Nemelex Xobeh
Okawaru
Qazlal
Ru
Sif Muna
Trog
Uskayaw
Vehumet
Wu Jian
Xom
Yredelemnul
Zin
The Shining One
Beogh
Jiyva
Lugonu


Innate Abilities, Weirdness & Mutations

You have a pair of horns on your head.
You reflexively headbutt those who attack you in melee.


Message History

The gargoyle is distracted by your dazzling golden aura.
You catch the helpless death knight completely off-guard!
You sock the death knight! You headbutt the death knight.
The death knight is severely wounded.
The death knight reflects your damage back at you!
* * * LOW HITPOINT WARNING * * *
The death knight hits you with a +1 broad axe of freezing.
* * * LOW HITPOINT WARNING * * *
The death knight freezes you.
* * * LOW HITPOINT WARNING * * *
Unknown command.
You feel better.
The gargoyle is no longer distracted by gold.
The death knight hits you with a +1 broad axe of freezing.
* * * LOW HITPOINT WARNING * * *
The death knight freezes you.
* * * LOW HITPOINT WARNING * * *
Unknown command.
Unknown command.
The boulder beetle is distracted by your dazzling golden aura.
The death knight calls down the wrath of Yredelemnul upon something.
Your body is wracked with pain!
* * * LOW HITPOINT WARNING * * *
Unknown command.
You feel better.
The boulder beetle is no longer distracted by gold.
The death knight's dark mirror aura disappears.
You see here a +0 scale mail.
You barely miss the death knight.
The death knight is severely wounded.
The death knight hits you but does no damage.
You hit the death knight.
The death knight is severely wounded.
You hit the death knight.
The death knight is severely wounded.
The death knight hits you with a +1 broad axe of freezing!!
* * * LOW HITPOINT WARNING * * *
The death knight freezes you.
You die...
Your body crumbles into a pile of gold.

$
▓_▓
$
▓_▓
$
▓_▓
▓_▓
$
▓'▓
$
▓.▓
$
▓.▓
$
▓)▓
$
▓@▓
▓p▓
$
▓.▓
▓B▓
$
▓9▓
▓.▓
$
▓$▓
▓)▓
$
▓)▓


You could see a death knight, a boulder beetle and a gargoyle.

Vanquished Creatures
  A two-headed ogre (D)
  A cyclops (D)
  A tengu conjurer (D)
  A vampire mosquito (D)
  An orc warrior (D)
  A sky beast (D)
  An ogre (D)
  2 centaurs (D)
  A wight (D)
  A howler monkey (D)
  An adder zombie (D)
  A dart slug (D)
  A ball python (D)
  A bat skeleton (D)
  A bat zombie (D)
  2 endoplasms (D)
  A goblin (D)
19 creatures vanquished.

Notes
Turn   | Place    | Note
-------+----------+-------------------------------------------
     0 | D        | mhtbhm the Minotaur Fighter began the quest for the Orb.
     0 | D        | Reached XP level 1. HP: 19/19 MP: 0/0
    13 | D        | Reached XP level 2. HP: 27/28 MP: 1/1
    19 | D        | Noticed a sky beast
    19 | D        | Noticed a howler monkey
    19 | D        | Noticed an ogre
    27 | D        | Killed a sky beast
    28 | D        | Reached XP level 3. HP: 36/39 MP: 2/2
    28 | D        | Reached XP level 4. HP: 44/47 MP: 3/3
    34 | D        | Killed an ogre
    35 | D        | Reached skill level 5 in Maces & Flails
    35 | D        | Reached XP level 5. HP: 49/56 MP: 4/4
    45 | D        | Found a snail-covered altar of Cheibriados.
    45 | D        | Found a shadowy altar of Dithmenos.
    45 | D        | Found a white marble altar of Elyvilon.
    45 | D        | Found a blossoming altar of Fedhas.
    45 | D        | Found an opulent altar of Gozag.
    46 | D        | Found a hazy altar of Hepliaklqana.
    47 | D        | Found a viscous altar of Jiyva.
    48 | D        | Found an ancient bone altar of Kikubaaqudgha.
    49 | D        | Found a corrupted altar of Lugonu.
    50 | D        | Found a burning altar of Makhleb.
    51 | D        | Found a sparkling altar of Nemelex Xobeh.
    52 | D        | Found an iron altar of Okawaru.
    53 | D        | Found a stormy altar of Qazlal.
    54 | D        | Found a sacrificial altar of Ru.
    55 | D        | Found a shimmering blue altar of Sif Muna.
    56 | D        | Found a bloodstained altar of Trog.
    57 | D        | Found a hide-covered altar of Uskayaw.
    58 | D        | Found a radiant altar of Vehumet.
    59 | D        | Found an ornate altar of the Wu Jian Council.
    60 | D        | Found a shimmering altar of Xom.
    61 | D        | Found a basalt altar of Yredelemnul.
    62 | D        | Found a glowing silver altar of Zin.
    63 | D        | Found a glowing golden altar of the Shining One.
    81 | D        | Became a worshipper of Gozag Ym Sagoz the Greedy
   282 | D        | Noticed a centaur
   282 | D        | Noticed a two-headed ogre
   282 | D        | Noticed an orc warrior
   282 | D        | Noticed a vampire mosquito
   290 | D        | Killed a two-headed ogre
   291 | D        | Reached skill level 1 in Evocations
   291 | D        | Reached XP level 6. HP: 20/68 MP: 5/5
   291 | D        | Reached XP level 7. HP: 22/74 MP: 6/6
   293 | D        | Reached skill level 10 in Maces & Flails
   293 | D        | Reached skill level 10 in Shields
   295 | D        | Reached skill level 1 in Dodging
   303 | D        | Killed a vampire mosquito
   304 | D        | Reached XP level 8. HP: 21/83 MP: 7/7
   595 | D        | Noticed a tengu conjurer
   595 | D        | Noticed a cyclops
   595 | D        | Noticed a death knight
   595 | D        | Noticed a boulder beetle
   595 | D        | Noticed a gargoyle
   606 | D        | Killed a cyclops
   609 | D        | Killed a tengu conjurer
   630 | D        | HP: 2/85 [death knight (23)]
   630 | D        | Slain by a death knight

Illustrated notes

Levels and vault maps discovered:
D:        linesprint [early_d, line_temple, items_1, d_10, items_2, lair_1,
          lair_end, items_3, orc_1, orc_end, items_4, d_15, swamp_1, shoals_1,
          snake_1, spider_1, d_20, vaults_1, items_5, swamp_end, shoals_end,
          snake_end, spider_end, vaults_end, d_27, items_6, zot_1, zot_end,
          crypt_end, forest_end, elf_end, slime_end, tomb_end, abyss_end,
          pan_hell_end]

Skill      XL: |  1  2  3  4  5  6  7  8 |
---------------+-------------------------+-----
Fighting       | 4 7 8 11 12 | 12.5
Armour         | 4 6 8 11 12 | 12.8
Shields        | 4 6 7 9 10 11 | 11.2
Maces & Flails | 4 5 9 10 12 | 12.3
Evocations     | 1 2 |  2.2
Dodging        | 1 |  1.6

Action                   |  1- 3 |  4- 6 |  7- 9 || total
-------------------------+-------+-------+-------++-------
Melee: Flail             |    15 |    13 |    32 ||    60
       Headbutt          |     4 |     2 |     8 ||    14
Evoke: Wand              |       |     3 |     3 ||     6
  Use: Potion            |     1 |     2 |     5 ||     8
       Scroll            |       |       |     1 ||     1
 Stab: Invisible         |       |       |     2 ||     2
Armor: Scale mail        |     6 |     4 |     4 ||    14
       Plate armour      |       |       |    11 ||    11
Dodge: Dodged            |     4 |     5 |    10 ||    19
Block: Buckler           |     1 |     1 |     6 ||     8

Table legend: (Time is in decaauts)
 A = Elapsed time spent in this place.
 B = Non-inter-level travel time spent in this place.
 C = Inter-level travel time spent in this place.
 D = Time resting spent in this place.
 E = Time spent auto-exploring this place.
 F = Levels seen in this place.
 G = Mean time per level.
                   A        B        C        D        E       F      G
               +--------+--------+--------+--------+--------+-----+--------+
         Total |    637 |    637 |      0 |    380 |      0 |   1 |  637.0 |
       Dungeon |    637 |    637 |      0 |    380 |      0 |   1 |  637.0 |
               +--------+--------+--------+--------+--------+-----+--------+

Top non-repeatable levels by time:
       D: 637 daAuts
